General information
- name: BNet
- type: Ladder team game (AT/RT)
- host: Battle.net
- saver: PrincipledMan
map: FullScaleAssault
- players: 8
- length: 57:02
- speed: Fast
- version: 1.26 W3XP
- replay type: Public
» download(275 KB)
Players
team 1 (loser)

»
lafoo212 (
pink | 96 APM | 2238 actions | 23:11)
7 Priestess of the Moon
3 Searing Arrows
3 Trueshot Aura
1 Starfall
» actions
| Assign group hotkey | 63 | |
| Basic commands | 109 | |
| Build / train | 97 | |
| Enter build submenu | 18 | |
| Enter hero's abilities submenu | 7 | |
| Give item / drop item | 1 | |
| Right click | 936 | |
| Select / deselect | 449 | |
| Select group hotkey | 452 | |
| Use ability | 106 | |
2238 total
» units
| Wisp | 19 | |
| Archer | 35 | |
| Giant Sea Turtle | 2 | |
| Makrura Deepseer | 1 | |
| Dryad | 3 | |
| Druid of the Claw | 3 | |
| Blue Drake | 1 | |
64 total
» upgrades
| Improved Bows | 1 | |
| Strength of the Moon | 2 | |
| Moon Armor | 1 | |
| Druid of the Claw Training | 2 | |
| Strength of the Wild | 1 | |
7 total
» buildings
| Altar of Elders | 1 | |
| Moon Well | 6 | |
| Ancient of War | 2 | |
| Tree of Life | 1 | |
| Tree of Ages | 2 | |
| Hunter's Hall | 1 | |
| Ancient Protector | 3 | |
| Tree of Eternity | 1 | |
| Ancient of Lore | 2 | |
| Ancient of Wonders | 1 | |
20 total
» build order
00:20 Altar of Elders
00:28 Moon Well
00:33 Ancient of War
01:35 Moon Well
02:23 Moon Well
03:06 Moon Well
04:03 Moon Well
04:50 Tree of Life
04:58 Ancient of War
06:44 Tree of Ages
06:44 Tree of Ages
07:26 Hunter's Hall
07:51 Moon Well
08:35 Ancient Protector
08:37 Ancient Protector
08:37 Ancient Protector
13:19 Tree of Eternity
14:56 Ancient of Lore
15:00 Ancient of Lore
15:53 Ancient of Wonders
» items
| Scroll of Town Portal | 4 | |
| Potion of Lesser Invulnerability | 3 | |
| Scroll of Healing | 6 | |
| Potion of Healing | 1 | |
| Potion of Mana | 1 | |
15 total
NICK-WILLIAMS. (
green | 60 APM | 3438 actions | 57:01)
8 Archmage
3 Summon Water Elemental
3 Brilliance Aura
1 Mass Teleport
1 Blizzard
» actions
| Assign group hotkey | 115 | |
| Basic commands | 8 | |
| Build / train | 127 | |
| Enter build submenu | 30 | |
| Enter hero's abilities submenu | 9 | |
| Give item / drop item | 5 | |
| Right click | 1419 | |
| Select / deselect | 439 | |
| Select group hotkey | 916 | |
| Use ability | 370 | |
3438 total
» units
| Peasant | 13 | |
| Goblin Shredder | 10 | |
| Gryphon Rider | 3 | |
| Goblin Zeppelin | 4 | |
| Blue Dragon | 1 | |
| Dragonhawk Rider | 12 | |
| Blue Drake | 1 | |
| Blue Dragon Whelp | 1 | |
| Goblin Sapper | 3 | |
48 total
» upgrades
| Masonry | 3 | |
| Lumber Harvesting | 2 | |
| Animal War Training | 1 | |
| Swords | 2 | |
| Storm Hammers | 1 | |
| Armor | 2 | |
| Cloud | 1 | |
12 total
» buildings
| Altar of Kings | 2 | |
| Farm | 22 | |
| Scout Tower | 48 | |
| Lumber Mill | 2 | |
| Arcane Tower | 3 | |
| Keep | 2 | |
| Arcane Vault | 2 | |
| Barracks | 1 | |
| Guard Tower | 28 | |
| Castle | 1 | |
| Gryphon Aviary | 5 | |
| Blacksmith | 1 | |
| Town Hall | 1 | |
| Tree of Life | 1 | |
119 total
» build order
00:08 Altar of Kings
00:20 Farm
01:18 Farm
01:48 Scout Tower
01:58 Lumber Mill
02:26 Arcane Tower
02:35 Keep
02:37 Arcane Vault
03:06 Scout Tower
03:06 Scout Tower
03:06 Scout Tower
03:34 Barracks
04:13 Guard Tower
04:13 Guard Tower
05:00 Castle
05:13 Gryphon Aviary
05:37 Gryphon Aviary
05:58 Farm
05:58 Farm
05:59 Farm
06:00 Farm
06:00 Farm
06:39 Blacksmith
06:50 Farm
07:13 Guard Tower
07:45 Guard Tower
11:10 Town Hall
11:11 Scout Tower
11:12 Scout Tower
11:12 Scout Tower
11:12 Scout Tower
11:13 Scout Tower
11:13 Scout Tower
11:14 Scout Tower
11:15 Scout Tower
11:58 Guard Tower
12:16 Guard Tower
12:26 Gryphon Aviary
13:12 Guard Tower
13:12 Guard Tower
13:22 Scout Tower
13:22 Scout Tower
13:22 Scout Tower
13:24 Scout Tower
13:24 Scout Tower
13:24 Scout Tower
13:25 Scout Tower
14:17 Guard Tower
15:42 Guard Tower
15:44 Keep
16:28 Scout Tower
16:28 Scout Tower
16:28 Scout Tower
16:29 Scout Tower
16:29 Scout Tower
16:29 Scout Tower
16:30 Scout Tower
17:21 Guard Tower
17:21 Guard Tower
17:50 Guard Tower
17:50 Guard Tower
18:37 Guard Tower
18:48 Farm
18:48 Farm
21:10 Scout Tower
21:10 Scout Tower
21:11 Scout Tower
21:11 Scout Tower
21:11 Scout Tower
21:12 Scout Tower
21:12 Scout Tower
21:13 Scout Tower
21:13 Scout Tower
21:14 Scout Tower
21:15 Scout Tower
21:15 Scout Tower
21:50 Guard Tower
21:50 Guard Tower
22:09 Guard Tower
22:12 Guard Tower
22:12 Guard Tower
25:36 Guard Tower
26:03 Scout Tower
26:04 Scout Tower
26:04 Scout Tower
26:05 Scout Tower
26:05 Scout Tower
26:06 Scout Tower
26:07 Scout Tower
26:08 Scout Tower
26:08 Scout Tower
26:37 Guard Tower
27:37 Arcane Tower
28:32 Arcane Tower
28:40 Tree of Life
34:29 Farm
34:29 Farm
34:30 Farm
34:31 Farm
34:32 Farm
34:34 Farm
34:35 Farm
34:35 Farm
34:38 Farm
34:40 Farm
34:40 Farm
34:40 Farm
36:50 Altar of Kings
38:26 Lumber Mill
40:26 Gryphon Aviary
40:34 Gryphon Aviary
43:00 Arcane Vault
» items
| Staff of Teleportation | 1 | |
| Ivory Tower | 6 | |
| Scroll of Regeneration | 2 | |
| Staff of Sanctuary | 1 | |
| Scroll of Town Portal | 3 | |
| Potion of Healing | 1 | |
| Scroll of Healing | 1 | |
| Tome of Retraining | 1 | |
| Potion of Lesser Invulnerability | 1 | |
| Potion of Invisibility | 1 | |
18 total
wong.tai.sin (
purple | 29 APM | 652 actions | 22:42)
5 Archmage
3 Summon Water Elemental
2 Brilliance Aura
» actions
| Basic commands | 12 | |
| Build / train | 63 | |
| Enter build submenu | 18 | |
| Enter hero's abilities submenu | 5 | |
| Give item / drop item | 3 | |
| Remove unit from queue | 1 | |
| Right click | 216 | |
| Select / deselect | 264 | |
| Use ability | 70 | |
652 total
» units
| Peasant | 8 | |
| Rifleman | 22 | |
| Goblin Zeppelin | 2 | |
| Priest | 8 | |
| Goblin Shredder | 1 | |
41 total
» upgrades
| Gunpowder | 4 | |
| Armor | 3 | |
| Long Rifles | 1 | |
| Priest Training | 1 | |
| Lumber Harvesting | 1 | |
| Masonry | 1 | |
11 total
» buildings
| Altar of Kings | 1 | |
| Farm | 11 | |
| Blacksmith | 1 | |
| Barracks | 1 | |
| Keep | 1 | |
| Lumber Mill | 1 | |
| Arcane Sanctum | 1 | |
| Town Hall | 1 | |
| Castle | 1 | |
19 total
» build order
00:14 Altar of Kings
00:17 Farm
00:59 Blacksmith
01:21 Barracks
02:04 Farm
02:39 Farm
03:20 Farm
04:02 Farm
04:43 Keep
05:06 Farm
05:24 Farm
05:29 Lumber Mill
06:38 Farm
07:20 Arcane Sanctum
07:51 Farm
08:30 Farm
09:06 Town Hall
09:29 Farm
13:20 Castle
» items
| Orb of Fire | 1 | |
| Scroll of Town Portal | 1 | |
2 total

»
DblBarrelz (
orange | 47 APM | 1102 actions | 23:17)
3 Archmage
2 Summon Water Elemental
1 Brilliance Aura
2 Paladin
1 Holy Light
1 Devotion Aura
1 Blood Mage
1 Flame Strike
» actions
| Assign group hotkey | 9 | |
| Basic commands | 82 | |
| Build / train | 74 | |
| Enter build submenu | 23 | |
| Enter hero's abilities submenu | 6 | |
| Give item / drop item | 3 | |
| Remove unit from queue | 1 | |
| Right click | 293 | |
| Select / deselect | 314 | |
| Select group hotkey | 226 | |
| Use ability | 71 | |
1102 total
» units
| Peasant | 12 | |
| Footman | 4 | |
| Goblin Shredder | 1 | |
| Siege Engine | 6 | |
| Knight | 1 | |
24 total
» upgrades
| Masonry | 3 | |
| Gunpowder | 3 | |
| Lumber Harvesting | 2 | |
| Flare | 1 | |
| Plating | 3 | |
| Barrage | 1 | |
| Animal War Training | 1 | |
| Fragmentation Shards | 1 | |
| Flak Cannons | 1 | |
| Flying Machine Bombs | 1 | |
| Swords | 1 | |
18 total
» buildings
| Farm | 9 | |
| Altar of Kings | 1 | |
| Barracks | 1 | |
| Town Hall | 2 | |
| Lumber Mill | 1 | |
| Keep | 1 | |
| Arcane Vault | 1 | |
| Blacksmith | 1 | |
| Castle | 1 | |
| Workshop | 3 | |
| Gryphon Aviary | 1 | |
22 total
» build order
00:28 Farm
00:39 Altar of Kings
00:58 Barracks
01:48 Farm
02:11 Farm
02:28 Farm
03:54 Town Hall
04:09 Town Hall
05:35 Lumber Mill
06:57 Keep
07:04 Arcane Vault
07:22 Blacksmith
08:08 Farm
08:47 Farm
09:05 Farm
09:18 Castle
09:30 Workshop
09:38 Workshop
10:50 Workshop
10:57 Farm
11:40 Farm
12:32 Gryphon Aviary
» items
| Potion of Healing | 7 | |
| Potion of Mana | 3 | |
| Scroll of Town Portal | 2 | |
| Orb of Fire | 4 | |
| Lesser Clarity Potion | 4 | |
20 total
team 2 (winner)
OJUICE (
blue | 28 APM | 1032 actions | 37:20)
9 Death Knight
3 Death Coil
3 Unholy Aura
1 Animate Dead
2 Death Pact
» actions
| Basic commands | 63 | |
| Build / train | 56 | |
| Enter build submenu | 25 | |
| Enter hero's abilities submenu | 9 | |
| Give item / drop item | 3 | |
| Remove unit from queue | 1 | |
| Right click | 588 | |
| Select / deselect | 226 | |
| Use ability | 61 | |
1032 total
» units
| Acolyte | 4 | |
| Ghoul | 8 | |
| Crypt Fiend | 16 | |
| Obsidian Statue | 3 | |
| Frost Wyrm | 1 | |
32 total
» upgrades
| Creature Carapace | 3 | |
| Web | 1 | |
| Creature Attack | 3 | |
| Freezing Breath | 1 | |
8 total
» buildings
| Altar of Darkness | 1 | |
| Ziggurat | 12 | |
| Crypt | 2 | |
| Graveyard | 1 | |
| Tomb of Relics | 1 | |
| Halls of the Dead | 1 | |
| Black Citadel | 1 | |
| Slaughterhouse | 1 | |
| Sacrificial Pit | 1 | |
| Spirit Tower | 1 | |
| Boneyard | 2 | |
24 total
» build order
00:10 Altar of Darkness
00:13 Ziggurat
00:15 Crypt
01:20 Graveyard
01:39 Ziggurat
01:54 Tomb of Relics
04:09 Halls of the Dead
04:13 Ziggurat
04:35 Crypt
05:31 Ziggurat
07:42 Ziggurat
08:18 Black Citadel
11:26 Slaughterhouse
11:38 Sacrificial Pit
11:42 Ziggurat
11:44 Ziggurat
19:11 Ziggurat
19:13 Ziggurat
24:08 Spirit Tower
26:13 Ziggurat
26:16 Ziggurat
26:18 Ziggurat
27:19 Boneyard
27:23 Boneyard
» items
PrincipledMan (
red | 44 APM | 2537 actions | 57:02)
9 Archmage
3 Summon Water Elemental
3 Brilliance Aura
1 Mass Teleport
2 Blizzard
» actions
| Assign group hotkey | 102 | |
| Basic commands | 385 | |
| Build / train | 92 | |
| Enter build submenu | 61 | |
| Enter hero's abilities submenu | 10 | |
| Give item / drop item | 7 | |
| Remove unit from queue | 8 | |
| Right click | 830 | |
| Select / deselect | 504 | |
| Select group hotkey | 328 | |
| Use ability | 209 | |
2537 total
» units
| Peasant | 12 | |
| Footman | 3 | |
| Goblin Shredder | 1 | |
| Goblin Zeppelin | 3 | |
| Gryphon Rider | 9 | |
| Goblin Sapper | 3 | |
| Blue Dragon | 3 | |
34 total
» upgrades
| Masonry | 3 | |
| Swords | 3 | |
| Armor | 3 | |
| Animal War Training | 1 | |
| Storm Hammers | 1 | |
| Cloud | 1 | |
12 total
» buildings
| Altar of Kings | 1 | |
| Barracks | 1 | |
| Farm | 14 | |
| Keep | 1 | |
| Arcane Vault | 1 | |
| Lumber Mill | 1 | |
| Town Hall | 4 | |
| Scout Tower | 40 | |
| Castle | 1 | |
| Guard Tower | 9 | |
| Arcane Tower | 1 | |
| Gryphon Aviary | 6 | |
| Blacksmith | 2 | |
82 total
» build order
00:35 Altar of Kings
00:36 Barracks
00:50 Farm
00:51 Farm
01:07 Farm
01:40 Farm
03:19 Keep
03:45 Arcane Vault
03:48 Lumber Mill
04:04 Town Hall
05:02 Scout Tower
05:06 Scout Tower
05:08 Scout Tower
05:10 Scout Tower
05:13 Scout Tower
05:16 Scout Tower
06:05 Castle
06:51 Guard Tower
07:04 Arcane Tower
08:23 Gryphon Aviary
08:23 Gryphon Aviary
08:26 Gryphon Aviary
08:26 Gryphon Aviary
08:27 Gryphon Aviary
08:28 Gryphon Aviary
08:31 Blacksmith
08:32 Blacksmith
09:36 Farm
17:21 Farm
17:21 Farm
17:22 Farm
17:22 Farm
17:24 Farm
17:24 Farm
20:30 Farm
20:30 Farm
20:33 Farm
20:55 Town Hall
20:58 Scout Tower
20:58 Scout Tower
20:59 Scout Tower
21:00 Scout Tower
21:01 Scout Tower
21:02 Scout Tower
21:03 Scout Tower
21:03 Scout Tower
21:06 Scout Tower
21:07 Scout Tower
21:07 Scout Tower
21:08 Scout Tower
22:06 Guard Tower
23:56 Guard Tower
27:20 Scout Tower
27:21 Scout Tower
27:26 Scout Tower
27:27 Scout Tower
27:35 Town Hall
28:02 Guard Tower
28:05 Scout Tower
28:05 Scout Tower
28:06 Scout Tower
28:06 Scout Tower
28:07 Scout Tower
28:07 Scout Tower
28:08 Scout Tower
28:08 Scout Tower
28:42 Guard Tower
28:55 Guard Tower
28:59 Scout Tower
29:00 Scout Tower
29:07 Scout Tower
29:07 Scout Tower
29:08 Scout Tower
29:08 Scout Tower
30:01 Guard Tower
30:30 Guard Tower
38:26 Town Hall
38:28 Scout Tower
38:29 Scout Tower
38:29 Scout Tower
38:30 Scout Tower
40:26 Guard Tower
» items
| Scroll of Regeneration | 8 | |
| Mechanical Critter | 4 | |
| Potion of Healing | 5 | |
| Lesser Clarity Potion | 1 | |
| Scroll of Town Portal | 2 | |
| Potion of Mana | 1 | |
| Staff of Teleportation | 1 | |
22 total
blah_blah (
yellow | 52 APM | 1921 actions | 36:52)
6 Mountain King
3 Storm Bolt
2 Bash
1 Avatar
4 Paladin
2 Holy Light
2 Devotion Aura
» actions
| Assign group hotkey | 40 | |
| Basic commands | 78 | |
| Build / train | 107 | |
| Enter build submenu | 38 | |
| Enter hero's abilities submenu | 10 | |
| Give item / drop item | 1 | |
| Right click | 772 | |
| Select / deselect | 451 | |
| Select group hotkey | 307 | |
| Use ability | 117 | |
1921 total
» units
| Peasant | 27 | |
| Footman | 12 | |
| Dragonhawk Rider | 2 | |
| Mortar Team | 4 | |
| Knight | 4 | |
| Flying Machine | 12 | |
| Gryphon Rider | 2 | |
63 total
» upgrades
| Plating | 3 | |
| Swords | 3 | |
| Gunpowder | 3 | |
| Fragmentation Shards | 1 | |
| Flare | 1 | |
| Animal War Training | 1 | |
| Masonry | 1 | |
| Flak Cannons | 1 | |
| Armor | 2 | |
| Flying Machine Bombs | 1 | |
| Cloud | 1 | |
| Storm Hammers | 1 | |
19 total
» buildings
| Altar of Kings | 1 | |
| Farm | 15 | |
| Barracks | 2 | |
| Scout Tower | 19 | |
| Arcane Tower | 1 | |
| Lumber Mill | 1 | |
| Town Hall | 2 | |
| Arcane Vault | 1 | |
| Blacksmith | 1 | |
| Keep | 1 | |
| Gryphon Aviary | 2 | |
| Guard Tower | 6 | |
| Castle | 1 | |
| Workshop | 3 | |
56 total
» build order
00:08 Altar of Kings
00:11 Farm
01:12 Barracks
01:40 Scout Tower
01:46 Farm
02:23 Arcane Tower
02:41 Farm
03:01 Barracks
03:16 Farm
03:21 Lumber Mill
03:55 Farm
04:31 Farm
05:08 Town Hall
05:22 Farm
05:35 Arcane Vault
05:43 Blacksmith
06:24 Keep
06:56 Farm
07:25 Scout Tower
07:27 Scout Tower
07:28 Scout Tower
07:30 Scout Tower
07:31 Scout Tower
07:32 Scout Tower
07:35 Scout Tower
07:36 Scout Tower
09:21 Scout Tower
09:23 Scout Tower
09:27 Scout Tower
09:30 Scout Tower
09:31 Scout Tower
09:32 Scout Tower
09:53 Gryphon Aviary
09:56 Gryphon Aviary
10:12 Guard Tower
11:19 Guard Tower
11:27 Castle
12:09 Guard Tower
12:54 Scout Tower
12:55 Scout Tower
12:56 Scout Tower
12:57 Scout Tower
13:14 Workshop
13:16 Workshop
13:27 Guard Tower
14:15 Workshop
15:08 Guard Tower
15:11 Farm
15:13 Farm
15:19 Farm
16:43 Farm
16:58 Farm
17:00 Farm
17:18 Farm
35:12 Town Hall
» items
| Circlet of Nobility | 1 | |
| Scroll of Regeneration | 1 | |
| Potion of Healing | 1 | |
| Scroll of Town Portal | 1 | |
4 total

»
KiLLtheFaGs (
teal | 42 APM | 2412 actions | 57:01)
9 Death Knight
3 Death Coil
3 Unholy Aura
1 Animate Dead
2 Death Pact
» actions
| Assign group hotkey | 33 | |
| Basic commands | 6 | |
| Build / train | 90 | |
| Enter build submenu | 36 | |
| Enter hero's abilities submenu | 9 | |
| Give item / drop item | 2 | |
| Remove unit from queue | 5 | |
| Right click | 1042 | |
| Select / deselect | 272 | |
| Select group hotkey | 848 | |
| Use ability | 69 | |
2412 total
» units
| Acolyte | 21 | |
| Ghoul | 8 | |
| Crypt Fiend | 8 | |
| Frost Wyrm | 9 | |
| Goblin Zeppelin | 1 | |
| Gryphon Rider | 4 | |
| Flying Machine | 6 | |
57 total
» upgrades
| Creature Carapace | 3 | |
| Creature Attack | 3 | |
| Web | 1 | |
| Freezing Breath | 1 | |
8 total
» buildings
| Altar of Darkness | 1 | |
| Ziggurat | 22 | |
| Crypt | 1 | |
| Graveyard | 1 | |
| Tomb of Relics | 1 | |
| Necropolis | 2 | |
| Halls of the Dead | 1 | |
| Spirit Tower | 3 | |
| Nerubian Tower | 1 | |
| Black Citadel | 1 | |
| Sacrificial Pit | 1 | |
| Boneyard | 3 | |
38 total
» build order
00:08 Altar of Darkness
00:10 Ziggurat
00:40 Crypt
01:00 Graveyard
01:28 Tomb of Relics
01:35 Ziggurat
04:36 Necropolis
05:16 Halls of the Dead
05:39 Ziggurat
05:41 Ziggurat
07:11 Spirit Tower
07:15 Nerubian Tower
08:02 Black Citadel
08:26 Ziggurat
11:38 Sacrificial Pit
11:45 Ziggurat
11:48 Ziggurat
11:51 Spirit Tower
11:53 Spirit Tower
11:55 Ziggurat
12:34 Boneyard
12:40 Boneyard
13:04 Boneyard
15:55 Ziggurat
15:56 Ziggurat
16:14 Ziggurat
16:16 Ziggurat
16:20 Ziggurat
24:05 Necropolis
25:45 Ziggurat
25:47 Ziggurat
25:48 Ziggurat
25:52 Ziggurat
26:45 Ziggurat
26:47 Ziggurat
26:49 Ziggurat
26:52 Ziggurat
26:56 Ziggurat
» items
| Rod of Necromancy | 1 | |
| Sacrificial Skull | 1 | |
| Boots of Speed | 1 | |
| Scroll of Town Portal | 1 | |
4 total
Chat log
(00:45 / All) PrincipledMan: I'm a man of principle, don't any of you forget it
(03:18 / Allies) KiLLtheFaGs: help?
(08:50 / Allies) PrincipledMan: top potm
(09:00 / Allies) PrincipledMan: mid one
(09:13 / Allies) KiLLtheFaGs: heal my hero blue?
(09:22 / Allies) KiLLtheFaGs: thanks
(10:17 / Allies) KiLLtheFaGs: ?
(10:22 / Allies) KiLLtheFaGs: or the other side
(14:23 / Allies) blah_blah: getting mort
(14:27 / Allies) KiLLtheFaGs: heal heroi
(18:08 / Allies) PrincipledMan: botl
(19:13 / Allies) PrincipledMan: bolt hte potm and we can focus it
(19:18 / Allies) blah_blah: k
(19:37 / Allies) PrincipledMan: teal dod you keep killing my critters
(19:45 / Allies) PrincipledMan: nvm
(19:55 / All) DblBarrelz: gg
(20:00 / All) DblBarrelz: team of morons
(20:16 / All) lafoo212: said it from a newb
(21:31 / All) PrincipledMan: You gents have the pleasure of playing with real deal, holyfield Lord Farsanky
(21:41 / All) PrincipledMan: not a cheap, two bit imitation like a Rod
(22:18 / Allies) PrincipledMan: focus ptom
(23:11 / All) lafoo212: 3 fucking noobs again
(23:31 / Allies) OJUICE: tp
(23:35 / Allies) blah_blah: I'm glad I switch tomort
(23:42 / Allies) OJUICE: nvm
(27:32 / Allies) PrincipledMan: lumber?
(29:18 / Allies) OJUICE: lure them out
(29:19 / Allies) OJUICE: web
(30:35 / Allies) KiLLtheFaGs: red really?
(32:30 / Allies) KiLLtheFaGs: seriously your a huge fag
(33:24 / All) PrincipledMan: teal is such a goober lol
(33:31 / All) PrincipledMan: fucking queer
(35:41 / All) NICK-WILLIAMS.: u guys sure do suck lol
(35:51 / All) KiLLtheFaGs: red is team killing
(35:58 / All) NICK-WILLIAMS.: like i said, u sure do suck
(37:41 / All) NICK-WILLIAMS.: u should feel ashamed at this loss teal
(37:52 / All) KiLLtheFaGs: lol why
(38:13 / All) NICK-WILLIAMS.: are u ikilldumballies
(38:16 / All) KiLLtheFaGs: cuz u and red are friends?
(38:34 / All) NICK-WILLIAMS.: how did u come to this conclusion
(38:53 / All) KiLLtheFaGs: well red killing his own team so u win.... hmmmmmmmmmm
(39:04 / All) NICK-WILLIAMS.: im sorry u feel that way
(39:12 / All) NICK-WILLIAMS.: this is a legit win by me, give me my credit
(39:15 / All) NICK-WILLIAMS.: my due credit
(39:23 / All) KiLLtheFaGs: lol yea right
(39:42 / All) KiLLtheFaGs: u prob have 2 comp and playing games with yourself
(39:57 / All) NICK-WILLIAMS.: how did pink get lvl 6 so quick i wasn't watching top at all
(40:11 / All) PrincipledMan: kill my am
(40:14 / All) PrincipledMan: kiled
(40:16 / All) PrincipledMan: KILLED
(40:40 / All) PrincipledMan: I should have tped but the saering arrow got me
(41:32 / All) KiLLtheFaGs: see why u skip red green?
(41:41 / All) NICK-WILLIAMS.: cuz he had towers
(41:46 / All) NICK-WILLIAMS.: simple logic
(43:32 / All) NICK-WILLIAMS.: u are an arrogant one teal
(43:58 / All) KiLLtheFaGs: oh whys that
(46:19 / All) KiLLtheFaGs: lol man it is easy to see that u are the same person
(46:35 / All) NICK-WILLIAMS.: if we were y would that be funny
(46:48 / All) KiLLtheFaGs: because your that gay
(47:00 / Allies) KiLLtheFaGs: how about i say fuck u green
(47:06 / All) NICK-WILLIAMS.: u have literally no proof
(47:08 / All) NICK-WILLIAMS.: we are
(47:15 / Allies) KiLLtheFaGs: fucking fag ass niggeer
(47:30 / All) NICK-WILLIAMS.: and explain to me how u and blue creepjacked me at the mid left creeps? y were u 2 creeping together
(47:45 / All) KiLLtheFaGs: lol who doesnt do that
(47:51 / All) KiLLtheFaGs: specially the middle
(47:54 / All) KiLLtheFaGs: dumbass
(48:00 / All) NICK-WILLIAMS.: this isn't world of warcraft, we don't creep together in this game
(48:13 / All) KiLLtheFaGs: reds u do
(48:27 / All) KiLLtheFaGs: why dont u use red to talk
(48:38 / All) PrincipledMan: whats the point
(48:59 / All) KiLLtheFaGs: because i know u are working 2 comps
(49:05 / All) PrincipledMan: and
(49:29 / All) NICK-WILLIAMS.: teal plz do tell
(49:31 / All) KiLLtheFaGs: hope to see your names gain
(49:38 / All) NICK-WILLIAMS.: how does it feel to lose in this humiliating fashion
(49:46 / All) KiLLtheFaGs: not bad at all
(50:06 / All) KiLLtheFaGs: how about u give me controll of red and we can duke it out
(50:19 / All) PrincipledMan: how about no
(50:33 / All) KiLLtheFaGs: ok
(50:58 / All) PrincipledMan: what r ur thoughts on being my bitch
(51:03 / All) NICK-WILLIAMS.: lol
(51:32 / All) PrincipledMan: teal ur my bitch dont let anyone ever tell you otherwise
(51:35 / All) NICK-WILLIAMS.: i pity teal , this game was over 30 min ago and his pride and honor are being destroyed
(51:37 / All) NICK-WILLIAMS.: before our very eyes
(52:05 / All) PrincipledMan: do u feel special that im the one that owns you
(52:18 / All) PrincipledMan: ur my property and i care for you
(52:40 / All) PrincipledMan: talk u silly little freak
(53:29 / All) NICK-WILLIAMS.: oww ow woww
(54:00 / All) PrincipledMan: i miss u teal plz talk to me
(54:16 / All) PrincipledMan: its lonely talking to ones self
(54:26 / All) PrincipledMan: ONE IS THE LONELIEST NUMBER
(56:01 / All) NICK-WILLIAMS.: i am looking forward to dragon age inquisition
(56:26 / All) PrincipledMan: what about u teal
(56:32 / All) PrincipledMan: talk or die talk or die
(56:35 / All) PrincipledMan: TALK DIE TALK DIE